Map: Jagannatha LE

Players

Krystianer - Winner!

  • Race: Protoss Protoss
  • League: Grandmaster

ShaDoWn

  • Race: Protoss Protoss
  • League: Master

Event: DreamHack SC2 Masters 2021 Summer

VOD

Have the link to the VOD?

Description

Time

  • Played on: May 19, 2021, 11:33 a.m.
  • Length: 14:17

All games in this series

Show
View Real Time Build Order
Export as new Build Order

Krystianer Protoss - Winner!

Build Orders:  

Get SALT Encoding   

  12  0:00  Probe  
  13  0:12  Probe  
  14  0:17  Pylon  
  14  0:24  Probe (Chrono Boost)  
  15  0:36  Probe (Chrono Boost)  
  15  0:37  Gateway  
  16  0:44  Probe (Chrono Boost)  
  16  0:46  Assimilator  
  17  0:50  Probe  
  18  0:58  Assimilator  
  18  1:03  Probe (Chrono Boost)  
  20  1:12  Probe (Chrono Boost)  
  20  1:14  Gateway  
  20  1:17  Probe (Chrono Boost)  
  21  1:27  Cybernetics Core  
  21  1:29  Probe  
  22  1:35  Pylon  
  22  1:41  Probe  
  23  1:53  Probe  
  24  2:00  Warp Gate (Chrono Boost)  
  24  2:03  Adept x2  
  28  2:13  Pylon  
  28  2:33  Adept x2  
  31  2:45  Nexus  
  31  3:02  Probe  
  31  3:03  Adept x2  
  36  3:18  Pylon  
  36  3:20  Probe  
  36  3:26  Robotics Facility  
  37  3:31  Shield Battery  
  37  3:32  Probe  
  38  3:39  Pylon  
  38  3:46  Probe (Chrono Boost)  
  39  3:57  Sentry x2  
  39  3:58  Probe (Chrono Boost)  
  45  4:04  Probe (Chrono Boost)  
  45  4:05  Probe (Chrono Boost)  
  46  4:11  Probe (Chrono Boost)  
  48  4:18  Probe (Chrono Boost)  
  48  4:19  Observer, Probe (Chrono Boost)  
  48  4:21  Stalker x2  
  54  4:27  Probe  
  54  4:33  Shield Battery  
  54  4:35  Probe (Chrono Boost)  
  54  4:44  Probe (Chrono Boost)  
  54  4:45  Stalker x2  
  59  4:51  Probe (Chrono Boost), Shield Battery  
  61  4:53  Probe (Chrono Boost)  
  61  4:59  Immortal (Chrono Boost)  
  61  5:05  Probe  
  61  5:10  Pylon, Immortal (Chrono Boost)  
  61  5:13  Shield Battery  
  62  5:17  Pylon  
  62  5:18  Probe  
  62  5:20  Probe  
  61  5:30  Probe, Shield Battery  
  61  5:34  Stalker x2  
  66  5:43  Immortal (Chrono Boost)  
  70  5:51  Probe x2  
  70  5:52  Pylon  
  68  5:58  Twilight Council  
  68  6:04  Probe  
  68  6:09  Assimilator  
  67  6:13  Probe  
  68  6:21  Stalker x2  
  72  6:28  Gateway, Forge  
  72  6:33  Blink (Chrono Boost)  
  72  6:38  Pylon  
  72  6:43  Probe  
  73  6:52  Nexus  
  71  6:54  Pylon  
  71  6:55  Protoss Ground Weapons Level 1 (Chrono Boost)  
  71  6:57  Probe x2  
  71  7:00  Dark Shrine  
  72  7:12  Probe  
  72  7:13  Probe  
  74  7:22  Gateway, Stalker x2  
  78  7:25  Probe x2  
  79  7:37  Probe x2  
  80  7:41  Gateway  
  80  7:43  Gateway  
  81  7:47  Pylon  
  81  7:49  Probe x2, Shield Battery  
  83  7:56  Gateway  
  83  7:58  Gateway  
  83  8:12  Dark Templar  
  84  8:15  Dark Templar x2  
  84  8:19  Probe x3  
  90  8:31  Probe x2  
  92  8:34  Zealot  
  92  8:37  Pylon  
  92  8:38  Zealot x2  
  92  8:40  Pylon  
  98  8:42  Pylon  
  96  9:08  Protoss Ground Weapons Level 2 (Chrono Boost)  
  94  9:10  Zealot  
  94  9:11  Zealot x7  
  94  9:13  Shield Battery  
  94  9:15  Shield Battery  
  110  9:20  Charge  
  110  9:21  Photon Cannon  
  110  9:32  Zealot x2  
  110  9:33  Zealot x5  
  119  9:41  Zealot  
  98  9:46  Observer  
  92  9:53  Stalker  
  92  9:54  Stalker x6  
  88  10:14  Probe x2  
  90  10:21  Photon Cannon  
  90  10:25  Assimilator  
  90  10:27  Assimilator  
  90  10:29  Templar Archives, Nexus  
  90  10:30  Pylon, Dark Templar x2  
  94  10:39  Zealot x3, Assimilator  
  94  10:40  Archon  
  100  10:47  Zealot x3  
  106  10:58  Gateway  
  106  11:01  Gateway  
  106  11:02  Protoss Ground Armor Level 1 (Chrono Boost)  
  106  11:04  Pylon  
  106  11:05  Probe x3  
  109  11:18  Probe x2, Gateway  
  110  11:21  Gateway  
  110  11:24  Photon Cannon, Shield Battery  
  110  11:25  Observer (Chrono Boost), Probe  
  111  11:28  Sentry  
  111  11:29  High Templar x2  
  117  11:33  Archon  
  117  11:36  Zealot x3  
  117  11:38  Probe  
  124  11:42  Probe  
  124  11:43  Probe  
  124  11:45  High Templar x2  
  128  11:49  Archon  
  128  11:51  Photon Cannon  
  126  11:55  Zealot x2  
  126  11:58  Zealot x3  
  136  12:07  Probe x2  
  138  12:10  High Templar  
  138  12:11  High Templar  
  138  12:12  Zealot  
  138  12:14  Pylon  
  144  12:16  Zealot  
  144  12:17  Zealot x3  
  144  12:18  Archon  
  144  12:19  Probe x2  
  144  12:22  Pylon  
  154  12:25  Warp Prism (Chrono Boost)  
  154  12:27  High Templar x2  
  154  12:29  Observer  
  160  12:32  Photon Cannon  
  160  12:39  Zealot  
  160  12:40  Zealot x2  
  160  12:43  Archon  
  166  12:46  Pylon  
  166  12:52  Pylon  
  166  12:54  Observer, High Templar x2  
  171  12:59  Archon, Zealot  
  171  13:00  Zealot x4  
  171  13:01  Photon Cannon  
  181  13:10  Zealot x3  
  187  13:17  Observer (Chrono Boost)  
  187  13:33  Zealot x5  
  175  13:54  Zealot x12  
Show
View Real Time Build Order
Export as new Build Order

ShaDoWn Protoss 

Build Orders:  

Get SALT Encoding   

  12  0:00  Probe  
  13  0:12  Probe  
  14  0:17  Pylon  
  14  0:24  Probe  
  15  0:36  Probe (Chrono Boost), Gateway  
  16  0:46  Assimilator  
  16  0:47  Probe (Chrono Boost)  
  17  0:51  Probe (Chrono Boost)  
  17  0:55  Assimilator  
  18  1:03  Probe (Chrono Boost)  
  19  1:08  Gateway  
  19  1:13  Probe (Chrono Boost)  
  19  1:18  Probe (Chrono Boost)  
  20  1:25  Cybernetics Core  
  21  1:29  Probe  
  22  1:35  Pylon  
  22  1:41  Probe  
  23  1:53  Probe  
  24  2:01  Stalker x2, Warp Gate  
  28  2:12  Pylon  
  28  2:31  Stalker x2  
  32  2:50  Nexus  
  32  2:53  Probe  
  33  3:02  Sentry  
  33  3:05  Probe  
  38  3:09  Pylon  
  38  3:12  Pylon  
  36  3:17  Probe  
  37  3:29  Probe  
  38  3:35  Twilight Council  
  39  3:41  Probe  
  39  3:42  Shield Battery  
  39  3:50  Adept x2  
  39  3:53  Probe  
  42  4:04  Blink (Chrono Boost)  
  42  4:05  Probe  
  43  4:10  Probe  
  43  4:13  Stalker  
  43  4:14  Stalker  
  46  4:19  Probe  
  46  4:24  Probe  
  48  4:32  Probe  
  48  4:36  Probe  
  48  4:37  Stalker x2  
  54  4:42  Pylon  
  54  4:44  Probe  
  55  4:48  Probe  
  56  4:56  Probe  
  57  5:00  Probe  
  57  5:01  Pylon, Stalker x2  
  59  5:07  Pylon  
  59  5:09  Probe  
  59  5:12  Probe  
  59  5:21  Probe  
  57  5:24  Probe  
  57  5:26  Stalker  
  57  5:27  Forge  
  57  5:28  Stalker  
  60  5:33  Probe  
  61  5:37  Gateway  
  61  5:40  Probe  
  61  5:45  Probe  
  61  5:48  Pylon  
  61  5:49  Charge  
  62  5:52  Probe  
  61  5:57  Probe  
  61  6:00  Sentry x2  
  61  6:02  Protoss Ground Weapons Level 1 (Chrono Boost)  
  66  6:04  Probe  
  66  6:10  Probe  
  68  6:15  Assimilator  
  68  6:16  Probe, Pylon  
  69  6:28  Nexus  
  69  6:36  Robotics Facility  
  69  6:40  Zealot x2  
  69  6:46  Gateway  
  73  6:52  Zealot  
  75  6:56  Gateway  
  75  7:01  Gateway  
  75  7:02  Pylon  
  75  7:05  Zealot  
  77  7:22  Probe x2  
  79  7:29  Zealot x2  
  83  7:30  Zealot  
  83  7:32  Pylon  
  83  7:33  Observer (Chrono Boost)  
  86  7:39  Probe x2  
  86  7:41  Templar Archives  
  88  7:45  Zealot  
  90  7:52  Shield Battery, Zealot x4  
  90  7:57  Probe  
  90  7:58  Probe  
  100  8:00  Probe  
  100  8:01  Protoss Ground Weapons Level 2  
  101  8:15  Zealot x4  
  101  8:17  Pylon  
  101  8:18  Pylon  
  109  8:31  Photon Cannon  
  109  8:33  Photon Cannon  
  109  8:35  Photon Cannon  
  109  8:36  Observer (Chrono Boost)  
  109  8:39  High Templar x2  
  109  8:40  Zealot x3  
  120  8:44  Archon  
  113  8:57  Zealot  
  113  9:02  Zealot x3  
  116  9:16  Zealot x2  
  118  9:23  High Templar  
  120  9:25  High Templar, Zealot  
  120  9:28  Pylon x2  
  120  9:31  Archon  
  124  9:38  Probe  
  119  9:40  Zealot x3  
  119  9:41  Probe  
  119  9:42  Probe  
  97  9:48  Zealot  
  97  9:50  Probe  
  78  9:53  Probe  
  78  9:57  Probe  
  72  10:02  Zealot x5  
  72  10:04  Probe  
  79  10:13  Stalker  
  79  10:22  Nexus  
  79  10:28  Immortal (Chrono Boost)  
  79  10:33  Zealot x4  
  91  10:41  Zealot x2  
  95  10:44  Probe (Chrono Boost)  
  97  10:52  Probe (Chrono Boost)  
  97  10:53  Probe (Chrono Boost)  
  97  10:54  High Templar x2, Zealot x2  
  106  10:58  Archon  
  106  11:02  Photon Cannon  
  106  11:10  Zealot x2  
  110  11:13  Probe x2  
  110  11:16  Pylon  
  114  11:19  Warp Prism (Chrono Boost)  
  114  11:22  Probe  
  114  11:25  Probe  
  115  11:28  Probe  
  116  11:34  Probe, High Templar x2  
  116  11:35  Zealot x4  
  116  11:37  Photon Cannon  
  129  11:40  Archon  
  129  11:43  Probe  
  130  11:49  Observer (Chrono Boost)  
  130  11:53  Probe  
  132  11:54  Probe  
  132  11:55  Probe  
  132  11:56  Pylon  
  132  11:57  Zealot x4  
  132  11:59  Probe  
  143  12:05  Probe  
  143  12:06  Zealot  
  143  12:07  Probe  
  147  12:09  Probe  
  147  12:11  Probe  
  147  12:14  Robotics Bay  
  149  12:17  Probe, Assimilator  
  149  12:19  Probe, Assimilator  
  149  12:21  Probe  
  152  12:23  Photon Cannon  
  152  12:36  Photon Cannon  
  152  12:38  Shield Battery  
  152  12:39  Pylon  
  152  12:50  Shield Battery  
  152  12:53  Pylon  
  152  12:56  Robotics Facility  
  152  13:01  Assimilator  
  152  13:02  Disruptor (Chrono Boost), Assimilator  
  152  13:04  Assimilator  
  155  13:08  Pylon  
  155  13:15  Gateway  
  155  13:16  Gateway  
  155  13:18  Gateway  
  155  13:20  Gateway  
  155  13:24  Gateway  
  155  13:26  Pylon  
  155  13:27  Zealot x5  
  155  13:28  Disruptor (Chrono Boost), Zealot  
  155  13:30  Photon Cannon  
  168  13:51  Zealot x3  
  168  13:52  Zealot x3  
  132  14:04  Probe  
  105  14:10  Zealot  
  105  14:11  Zealot x3  
  105  14:12  Zealot x4  
Tags
 
Add a new tag
Caveats
  • Supply blocks, unpowered buildings, or Contaminate may cause inaccurate times.
  • Supply counts are checked every 10 seconds.